 Dungeon Crawl Stone Soup version 0.30-a0-870-gc5d4c5acee (webtiles) character file.

Game seed: 2559522713101404126

54 cforsyth the Chiller (level 3, -1/24 HPs)
             Began as a Barachi Ice Elementalist on Mar 11, 2023.
             Slain by a gnoll
             ... wielding a +0 flail
              (6 damage)
             ... on level 3 of the Dungeon.
             The game lasted 00:02:45 (1310 turns).

cforsyth the Chiller (Barachi Ice Elementalist)     Turns: 1310, Time: 00:02:45

Health: -1/24      AC:  2    Str:  9    XL:     3   Next: 91%
Magic:  4/7        EV: 12    Int: 17    God:
Gold:   23         SH:  0    Dex: 12    Spells: 7/8 levels left

rFire   . . .      SeeInvis .    (no weapon)
rCold   . . .      Faith    .    (no shield)
rNeg    . . .      Spirit   .    a - +0 robe
rPois   .          Reflect  .    (no helmet)
rElec   .          Rampage  .    h - scarf {shadows}
rCorr   .                        (no gloves)
Will    .....                    (no boots)
Stlth   ++                       (no amulet)
HPRegen 0.24/turn                (no ring)
MPRegen 0.10/turn                (no ring)

@: slow
A: amphibious, slowness 1, strong legs 1, +LOS
a: Hop


You were on level 3 of the Dungeon.
You visited 1 branch of the dungeon, and saw 3 of its levels.

You collected 23 gold pieces.

Inventory:

Armour
 a - a +0 robe (worn)
 h - a scarf of shadows (worn)
Scrolls
 c - 2 scrolls of fog {unknown}
 d - 4 scrolls of identify {unknown}
 f - a scroll of torment {unknown}
Potions
 b - a potion of magic
 e - a potion of berserk rage {unknown}
 g - a potion of attraction {unknown}


   Skills:
 - Level 2.1 Dodging
 - Level 1.7 Stealth
 + Level 3.3 Spellcasting
 + Level 5.7 Ice Magic


You had 7 spell levels left.
You knew the following spells:

 Your Spells              Type           Power      Damage    Failure   Level
a - Freeze                Ice            88%        1d9       1%          1

Your spell library contained the following spells:

 Spells                   Type           Power      Damage    Failure   Level
 Frozen Ramparts          Ice            44%        1d7       4%          3
 Ozocubu's Armour         Ice            22%        N/A       4%          3
 Sublimation of Blood     Necr           2%         N/A       26%         2
 Wereblood                Tmut           2%         N/A       26%         2
 Summon Ice Beast         Ice/Summ       12%        N/A       45%         4
 Summon Hydra             Summ           1%         N/A       100%        7


Dungeon Overview and Level Annotations

Branches:
Dungeon (3/15)

Altars:

Shops:
D:1 :


Innate Abilities, Weirdness & Mutations

You are amphibious.
You cover ground slowly.
You can hop short distances.
You have an extended range of vision and can be seen from far away.


Message History

The hobgoblin moves out of view.
You start putting on your armour.
You continue putting on your scarf of shadows. x4
You finish putting on your scarf of shadows.
It gets dark.
There is a stone staircase leading up here.
You freeze the gnoll!
The gnoll is heavily wounded.
The gnoll hits you with a +0 whip.
You freeze the gnoll!
You kill the gnoll!
You can't see any susceptible monsters within range! (Use Z to cast anyway.) HP restored.
A hobgoblin is nearby!
You see here a +0 whip.
An orc comes into view. It is wielding a +0 mace.
The gnoll shouts!
You hear a shout!
You see here a +0 whip.
There is a stone staircase leading up here.
You freeze the gnoll.
The gnoll is lightly wounded.
The gnoll hits you with a +0 flail!
You freeze the gnoll.
The gnoll is heavily wounded.
The gnoll hits you with a +0 flail!
* * * LOW HITPOINT WARNING * * *
The orc hits you with a +0 mace.
* * * LOW HITPOINT WARNING * * *
You are too injured to fight recklessly!
You are too injured to fight recklessly!
You are too injured to fight recklessly!
Casting: Freeze (safe; 1% risk of failure)
Confirm with . or Enter, or press ? or * to list all spells.
Aiming: Freeze (safe; 1% risk of failure)
Press: ? - help, Shift-Dir - straight line, f/p - gnoll
Aim: a gnoll, wielding a +0 flail (heavily wounded)
You freeze the gnoll.
The gnoll is severely wounded.
The gnoll hits you with a +0 flail.
You die...

.##.#
#.###...##.......
.##.#
#........g.......
.##.#### .#
#............
........
.[##.#..##.#<.#
######.#
#.##.#........# #
#.#
#.##.##.##.#..# ##
#.#
#$##.##.##.#..# .#
#.#
#.##.##go.....##
.# #.#
#.##...@........
.# #.#
#.......##.#.###
.#
#.###............#
.#
#..............#.#
.#
#.###.#####.####.#
.#####.....# #.# #
......†##### #.#
######## #.# #.#


You could see a gnoll, an orc and a hobgoblin.

Vanquished Creatures
  2 gnolls (D:3)
  A dart slug (D:1)
  A bat (D:1)
  3 endoplasms
  2 giant cockroaches
  5 goblins (D:1)
  2 kobolds (D:1)
  3 quokkas (D:1)
  6 ball pythons
  A frilled lizard (D:1)
  4 rats
30 creatures vanquished.

Notes
Turn   | Place    | Note
-------+----------+-------------------------------------------
     0 | D:1      | cforsyth the Barachi Ice Elementalist began the quest for
                  | the Orb.
     0 | D:1      | Reached XP level 1. HP: 13/13 MP: 3/3
    73 | D:1      | Reached skill level 5 in Ice Magic
   177 | D:1      | Reached XP level 2. HP: 18/19 MP: 2/5
   688 | D:1      | Reached XP level 3. HP: 22/24 MP: 4/7
   881 | D:1      | Found Huigano's Book Shoppe.
  1035 | D:2      | You fall into a shaft and drop 1 floor!
  1310 | D:3      | Slain by a gnoll

Illustrated notes

Levels and vault maps discovered:
D:1:      scummos_arrival_hexagon, layout_loops_ring, serial_shops, shop,
          minmay_liquid_box
D:2:      minmay_door_path, layout_rooms, basic_altar, minmay_octomino_c4
D:3:      layout_loops_ring

Skill      XL: |  1  2  3 |
---------------+----------+-----
Ice Magic      | 5 |  5.7
Spellcasting   | 3 |  3.3
Dodging        | |  2.1
Stealth        | |  1.7

Action                     || total
---------------------------++-------
  Melee: Unarmed           ||     5
   Cast: Freeze            ||    55
 Armour: Robe              ||    13
  Dodge: Dodged            ||    31

Table legend: (Time is in decaauts)
 A = Elapsed time spent in this place.
 B = Non-inter-level travel time spent in this place.
 C = Inter-level travel time spent in this place.
 D = Time resting spent in this place.
 E = Time spent auto-exploring this place.
 F = Levels seen in this place.
 G = Mean time per level.
                   A        B        C        D        E       F      G
               +--------+--------+--------+--------+--------+-----+--------+
         Total |   1456 |   1398 |     58 |     19 |   1089 |   3 |  485.3 |
       Dungeon |   1456 |   1398 |     58 |     19 |   1089 |   3 |  485.3 |
               +--------+--------+--------+--------+--------+-----+--------+

Top non-repeatable levels by time:
     D:1: 1150 daAuts
     D:3: 284 daAuts
     D:2: 22 daAuts
